 Dungeon Crawl Stone Soup version 0.29.1-15-g9cfb28693d (webtiles) character file.

Game seed: 16560904417946315346

434279 Jase the Evocator (level 24, -2/204 HPs)
             Began as a Formicid Fighter on Mar 22, 2023.
             Was the Champion of Wu Jian.
             Killed from afar by a starcursed mass (6 damage)
             ... with an accursed screaming
             ... on level 4 of the Abyss on Mar 27, 2023.
             The game lasted 04:56:47 (61888 turns).

Jase the Evocator (Formicid Fighter)               Turns: 61888, Time: 04:56:48

Health: -2/204     AC: 33    Str: 32    XL:     24   Next: 78%
Magic:  23/23      EV: 17    Int: 11    God:    Wu Jian [******]
Gold:   2457       SH: 33    Dex: 17    Spells: 23/23 levels left

rFire   + . .      SeeInvis +   b - +3 great mace (holy)
rCold   + + .      Faith    .   X - +4 tower shield
rNeg    . . .      Spirit   .   m - +1 gold dragon scales
rPois   +          Reflect  +   (helmet unavailable)
rElec   +          Harm     .   F - +2 cloak {rCorr}
rCorr   +          Rampage  .   i - +2 pair of gloves {hurl}
Will    +++..                   q - +1 pair of boots of the Zealous God {Will+}
Stlth   ..........              Y - amulet "Uschaxur" {Reflect rElec Str+4 Dex+4 SH+5}
HPRegen 0.44/turn               r - ring of Rakoj {rElec rC+ rCorr EV+4}
MPRegen 0.18/turn               V - +4 ring of slaying

@: in a heavenly storm, glowing, studying 3 skills, unable to drink
A: permanent stasis, dig shafts and tunnels, antennae 3, four strong arms,
hooves 1, weak 1, wild magic 1, MP-powered wands
}: 3/15 runes: decaying, serpentine, silver
a: Dig, Shaft Self, Renounce Religion, Wall Jump, Serpent's Lash, Heavenly Storm


You were on level 4 of the Abyss.
You worshipped Wu Jian.
Wu Jian was exalted by your worship.
You visited 8 branches of the dungeon, and saw 40 of its levels.
You visited the Abyss 2 times.
You also visited: Ossuary, Bailey and Volcano.

You collected 6805 gold pieces.
You spent 4348 gold pieces at shops.

Inventory:

Hand Weapons
 a - a +5 great mace of freezing
 b - a +3 great mace of holy wrath (weapon)
Missiles
 v - 12 curare-tipped darts (quivered)
 A - 54 javelins
 D - 29 boomerangs
 U - 7 silver javelins
Armour
 i - a +2 pair of gloves of hurling (worn)
 m - +1 gold dragon scales (worn)
 q - the +1 pair of boots of the Zealous God (worn) {Will+}
   (You acquired it on level 8 of the Dungeon)

   Will:      It increases your willpower.
 F - a +2 cloak of preservation (worn)
 X - a +4 tower shield (worn)
Jewellery
 r - the ring of Rakoj (left hand) {rElec rC+ rCorr EV+4}
   (You found it on level 2 of the Dungeon)

   [ring of evasion]

   EV:        It affects your evasion (+4).
   rC:        It protects you from cold.
   rElec:     It insulates you from electricity.
   rCorr:     It protects you from acid and corrosion.
 w - a ring of poison resistance
 L - a ring of protection from cold
 N - the ring "Naxisch" {rN+ EV+4 Str+4}
   (You found it on level 4 of the Lair of Beasts)

   [ring of evasion]

   EV:        It affects your evasion (+4).
   Str:       It affects your strength (+4).
   rN:        It protects you from negative energy.
 V - a +4 ring of slaying (right hand)
 W - a ring of willpower
 Y - the amulet "Uschaxur" (around neck) {Reflect rElec Str+4 Dex+4 SH+5}
   (You found it on level 5 of the Lair of Beasts)

   [amulet of reflection]

   It reflects blocked missile attacks.
   Str:       It affects your strength (+4).
   Dex:       It affects your dexterity (+4).
   rElec:     It insulates you from electricity.
   SH:        It affects your SH (+5).
Wands
 e - a wand of mindburst (23)
 u - a wand of flame (62)
 x - a wand of charming (26)
 I - a wand of polymorph (16)
 O - a wand of acid (21)
 S - a wand of digging (4)
 T - a wand of roots (15)
Scrolls
 h - a scroll of silence
 k - 4 scrolls of butterflies
 p - 2 scrolls of enchant weapon
 y - a scroll of enchant armour
 z - 2 scrolls of summoning
 B - 6 scrolls of fear
 E - 7 scrolls of poison
 R - 11 scrolls of magic mapping
Potions
 d - 12 potions of heal wounds
 f - 8 potions of brilliance
 g - 26 potions of curing
 j - 10 potions of might
 l - 10 potions of flight
 n - 6 potions of lignification
 s - 6 potions of mutation
 t - 4 potions of invisibility
 C - 7 potions of magic
 H - 3 potions of ambrosia
 K - 4 potions of resistance
 M - 2 potions of cancellation
Miscellaneous
 c - a phial of floods
 o - a phial of floods
 G - a box of beasts (inert)
 P - a lightning rod (4/4)
 Q - a tin of tremorstones (2/2)


   Skills:
 + Level 20.2 Fighting
 - Level 20.0 Maces & Flails
 - Level 18.0 Armour
 + Level 24.0 Shields
 + Level 24.6 Evocations


You had 23 spell levels left.
You didn't know any spells.
Your spell library contained the following spells:

 Spells                   Type           Power      Damage    Failure   Level
 Apportation              Tloc           0%         N/A       99%         1
 Beastly Appendage        Tmut           0%         N/A       99%         1
 Foxfire                  Conj/Fire      0%         2x1d4     99%         1
 Magic Dart               Conj           0%         1d3       99%         1
 Necrotise                Necr           0%         1d4       99%         1
 Slow                     Hex            0%         N/A       99%         1
 Summon Small Mammal      Summ           0%         N/A       99%         1
 Call Imp                 Summ           0%         N/A       100%        2
 Ensorcelled Hibernation  Hex/Ice        0%         N/A       100%        2
 Passwall                 Tmut/Erth      0%         N/A       100%        2
 Scorch                   Fire           0%         2d5       100%        2
 Static Discharge         Conj/Air       0%         3-3/arc   100%        2
 Sublimation of Blood     Necr           0%         N/A       100%        2
 Wereblood                Tmut           0%         N/A       100%        2
 Call Canine Familiar     Summ           0%         N/A       100%        3
 Conjure Flame            Conj/Fire      0%         6-21      100%        3
 Dazzling Flash           Conj/Hex       0%         N/A       100%        3
 Gell's Gravitas          Tloc           0%         N/A       100%        3
 Inner Flame              Hex/Fire       0%         N/A       100%        3
 Lesser Beckoning         Tloc           0%         N/A       100%        3
 Mephitic Cloud           Conj/Pois/Air  0%         N/A       100%        3
 Ozocubu's Armour         Ice            0%         N/A       100%        3
 Portal Projectile        Hex/Tloc       0%         N/A       100%        3
 Spider Form              Tmut/Pois      0%         N/A       100%        3
 Stone Arrow              Conj/Erth      0%         3d7       100%        3
 Summon Guardian Golem    Hex/Summ       0%         N/A       100%        3
 Teleport Other           Tloc           0%         N/A       100%        3
 Tukima's Dance           Hex            0%         N/A       100%        3
 Anguish                  Hex/Necr       0%         N/A       100%        4
 Animate Armour           Summ/Erth      0%         N/A       100%        4
 Animate Dead             Necr           0%         N/A       100%        4
 Cause Fear               Hex            0%         N/A       100%        4
 Dispel Undead            Necr           0%         3d6       100%        4
 Flame Wave               Conj/Fire      0%         2d4       100%        4
 Leda's Liquefaction      Hex/Erth       0%         N/A       100%        4
 Passage of Golubria      Tloc           0%         N/A       100%        4
 Sticky Flame             Conj/Fire      0%         2d3       100%        4
 Summon Ice Beast         Ice/Summ       0%         N/A       100%        4
 Agony                    Necr           0%         N/A       100%        5
 Alistair's Intoxication  Tmut/Pois      0%         N/A       100%        5
 Blade Hands              Tmut           0%         N/A       100%        5
 Borgnjor's Vile Clutch   Necr/Erth      0%         N/A       100%        5
 Fireball                 Conj/Fire      0%         3d3       100%        5
 Iskenderun's Battlesphe  Conj           0%         2d6       100%        5
 Lightning Bolt           Conj/Air       0%         1d11      100%        5
 Manifold Assault         Tloc           0%         N/A       100%        5
 Silence                  Hex/Air        0%         N/A       100%        5
 Yara's Violent Unravell  Hex/Tmut       0%         3d3       100%        5
 Death Channel            Necr           0%         N/A       100%        6
 Dispersal                Tloc           0%         N/A       100%        6
 Iron Shot                Conj/Erth      0%         9d1       100%        6
 Starburst                Conj/Fire      0%         6d3       100%        6
 Summon Cactus Giant      Summ           0%         N/A       100%        6
 Dragon Form              Tmut           0%         N/A       100%        7
 Orb of Destruction       Conj           0%         9d5       100%        7
 Ozocubu's Refrigeration  Ice            0%         4d7       100%        7
 Spellforged Servitor     Conj/Summ      0%         N/A       100%        7
 Storm Form               Tmut/Air       0%         N/A       100%        7
 Disjunction              Tloc           0%         N/A       100%        8
 Ignition                 Fire           0%         3d3       100%        8
 Lehudib's Crystal Spear  Conj/Erth      0%         10d2      100%        8
 Maxwell's Capacitive Co  Air            0%         ∞         100%        8
 Dragon's Call            Summ           0%         N/A       100%        9
 Polar Vortex             Ice            0%         N/A       100%        9
 Blink                    Tloc           Unusable   N/A       N/A         2
 Swiftness                Air            Unusable   N/A       N/A         3

Dungeon Overview and Level Annotations

Branches:
Dungeon (15/15)            Temple (0/1) D:7            Lair (5/5) D:8
  Swamp (4/4) Lair:2        Snake (4/4) Lair:2        Slime (4/5) Lair:4
    Orc (2/2) D:10            Elf (0/3) Orc:2        Vaults (5/5) D:13
  Crypt (0/3) Vaults:2     Depths (1/4) D:15        Ossuary (visited)
 Bailey (visited)         Volcano (visited)

Altars:
Ashenzari
Dithmenos
Elyvilon
Kikubaaqudgha
Nemelex Xobeh
Okawaru
Ru
Uskayaw
Wu Jian
Xom
The Shining One
Jiyva

Shops:
D:5 !   D:11 *(   Orc:2 (:[*!   Snake:2 :(=*   Vaults:1 (   Vaults:3 *
Vaults:5 :!!:

Portals:
Abyss: D:13
Trove: Vaults:4 (give +6 demon trident)

Annotations:
D:8 5 exclusions
Lair:2 9 exclusions
Slime:4 Dissolution
Vaults:3 1 runed translucent door
Depths:1 3 runed translucent doors


Innate Abilities, Weirdness & Mutations

You cannot be hasted, slowed, berserked, paralysed or teleported.
You can dig through walls and to a lower floor.
You have a pair of large antennae on your head. (SInv)
Your four strong arms can wield two-handed weapons with a shield.
You have large cloven feet.
You are weak. (Str -2)
Your spells are a little harder to cast, but a little more powerful.
You expend magic power (3 MP) to strengthen your wands.


Message History

You feel a bit more experienced.
The small abomination attacks as you move away!
You block the small abomination's attack.
The small abomination closely misses your eidolon.
Unknown command.
You swap places.
Your primal stingox beast hits the starcursed mass!
The starcursed mass shudders and is absorbed by its neighbour.
Your eidolon hits the small abomination.
Your eidolon drains the small abomination's vigour!
The small abomination seems to slow down.
Your eidolon hits the small abomination.
The small abomination hits your eidolon.
Something touches your large abomination but does no damage.
You swap places.
A starcursed mass comes into view.
You lunge at the small abomination.
You beat the small abomination like a drum!!!
You destroy the small abomination!
The Council accepts your kill.
A starcursed mass splits.
You lunge at the starcursed mass, in a flurry of attacks.
You hammer the starcursed mass like a gong!!!
The starcursed mass is heavily damaged.
You pound the starcursed mass like an anvil!!!
You destroy the starcursed mass!
The Council accepts your kill.
Your primal stingox beast stings the starcursed mass from afar.
A starcursed mass splits.
A chorus of shrieks assaults your mind.
* * * LOW HITPOINT WARNING * * *
Unknown command.
You spin and attack the starcursed mass repeatedly.
You hit the starcursed mass.
The starcursed mass is lightly damaged.
You sock the starcursed mass!
The starcursed mass is heavily damaged.
The starcursed mass shudders and is absorbed by its neighbour.
The starcursed mass shrieks in your mind.
You die...

. . #. φ #. #####{
#. # #.... #
#§###X#.###.#
#§@§X☼§...#
####H#§☼§..# . #
#§#X☼☼☼ # #.#§#W☼#
# .# . .#)○§{§#...
. . .
..#.##.☼§§#§......
# .. ###.#..# ..#
. . .X# ## # .#
..* #..# #.#


You could see a starcursed mass (ally target), a friendly primal stingox beast
(summoned, berserk) and 2 friendly large abominations.

Vanquished Creatures
  An ancient lich (Abyss:3)
  Boris (twice) (Vaults:2 Vaults:4)
  the Lernaean hydra (Swamp:4)
  Saint Roka (Orc:2)
  Vashnia (Snake:4)
  Nikola (Snake:4)
  Jory (Vaults:3)
  3 golden dragons
  The ghost of theMacoje the Slayer, an adept OgEn of Okawaru (Vaults:3)
  A bone dragon (Abyss:2)
  Jorgrun (D:13)
  3 tentacled monstrosities
  2 walking crystal tomes (Depths:1)
  2 walking earthen tomes (Depths:1)
  2 liches
  A quicksilver dragon (Vaults:5)
  3 acid blobs
  A walking frostbound tome (Depths:1)
  4 titans
  Frances (D:12)
  An Executioner (Abyss:3)
  4 sphinxes
  4 tengu reavers
  3 tentacled starspawn
  6 shadow dragons (Vaults:5)
  A thorn hunter (Swamp:4)
  A storm dragon (Vaults:5)
  Donald (Vaults:4)
  A revenant (Vaults:2)
  Kirke (D:13)
  3 fenstrider witches
  5 nagarajas
  The ghost of Seidenschwarz the Severer, a journeyman MiFi of Okawaru (D:13)
  3 frost giants
  3 iron dragons (Vaults:5)
  3 narguns (Depths:1)
  2 azure jellies
  4 fire giants
  Aizul (Snake:3)
  Louise (Snake:3)
  4 orc warlords
  A draconian scorcher (Abyss:4)
  20 vault wardens
  4 stone giants
  A draconian annihilator (Abyss:3)
  14 very ugly things
  A war gargoyle (Vaults:4)
  2 quicksilver oozes
  17 ironbound preservers
  7 ironbound thunderhulks
  3 eleionomae
  2 deep elf demonologists
  Nessos (D:15)
  A spark wasp (shapeshifter) (Vaults:5)
  3 bunyips
  2 deep elf annihilators
  An entropy weaver (Abyss:4)
  The ghost of Deerom the Destroyer, a journeyman DgHW (D:14)
  A lorocyproca (D:13)
  A red draconian (Volcano)
  18 dire elephants
  2 crystal guardians
  Snorg (D:14)
  2 green deaths (Abyss:4)
  9 ettins
  A merfolk javelineer (Abyss:4)
  A deep elf death mage (Vaults:5)
  A jiangshi (Vaults:2)
  4 deep elf high priests (Vaults:5)
  37 vault guards
  25 hydras
  2 ice dragons (Depths:1)
  Fannar (D:10)
  A shambling mangrove (Swamp:3)
  3 salamander tyrants
  Erolcha (D:12)
  2 peacekeepers
  9 great orbs of eyes
  9 ironbound frosthearts
  10 yaktaur captains
  2 spriggan air magi (Swamp:3)
  2 rakshasas
  5 boulder beetles
  9 two-headed ogres
  3 catoblepae
  An ogre mage (D:13)
  A ghost crab (Swamp:1)
  2 deep troll shamans
  10 naga warriors
  A death knight (D:14)
  10 centaur warriors
  11 anacondas
  11 alligators
  9 death yaks
  3 dancing weapons
  3 deep troll earth magi
  3 thrashing horrors
  4 orc high priests (Orc:2)
  5 shock serpents
  2 tengu warriors (Depths:1)
  A soul eater (Abyss:4)
  A hell knight (Vaults:5)
  8 wretched stars
  Urug (D:12)
  13 naga sharpshooters
  2 sixfirhies
  2 iron trolls (Depths:1)
  Lodul (D:10)
  3 salamander mystics
  7 skeletal warriors
  4 glowing orange brains
  6 goliath frogs
  20 deep trolls
  8 spriggan druids
  11 swamp dragons
  18 bog bodies
  8 naga ritualists
  A flayed ghost (Vaults:5)
  A deep elf pyromancer (D:14)
  18 ironbound convokers
  8 wizards
  An anaconda skeleton (Abyss:4)
  3 necromancers
  6 phantasmal warriors
  10 orc knights
  5 harpies
  5 mana vipers
  2 shining eyes (Slime:1)
  43 ugly things
  2 cyclopes
  An oklob plant (Lair:1)
  9 lindwurms
  5 orc sorcerers (Orc:2)
  4 will-o-the-wisps
  54 slime creatures
  3 worldbinders
  An elephant (shapeshifter) (Vaults:5)
  17 salamanders
  2 manticores
  3 elephants (Lair:5)
  15 large abominations
  10 guardian serpents
  12 naga magi
  34 black mambas
  A gargoyle (D:13)
  4 centaur skeletons (D:13)
  22 vault sentinels
  7 smoke demons
  2 torpor snails (Lair:5)
  7 cane toads
  A storm dragon simulacrum (Vaults:4)
  A water nymph (shapeshifter) (Vaults:5)
  2 kobold demonologists
  8 komodo dragons
  A demonic crawler (Abyss:4)
  An efreet (Abyss:3)
  2 orange demons
  4 rime drakes
  An unseen horror (D:12)
  A rime drake (shapeshifter) (Vaults:4)
  A komodo dragon (shapeshifter) (Vaults:5)
  A freezing wraith (Vaults:5)
  33 yaktaurs
  5 ancient zymes
  6 meliai
  A bloated husk (Swamp:2)
  9 trolls
  2 polar bears
  A polar bear (shapeshifter) (D:15)
  2 hornets (shapeshifter)
  7 tyrant leeches
  6 raiju
  9 hornets
  14 blink frogs
  9 dream sheep (Lair:5)
  Sigmund (D:5)
  2 flying skulls (Abyss:4)
  2 vampires (D:11)
  6 spriggans
  3 starcursed masses
  6 wraiths
  4 ynoxinuls
  A water elemental (D:15)
  A hog (shapeshifter) (D:8)
  5 wyverns
  A shadow (Abyss:2)
  4 basilisks
  A hog (D:13)
  A steam dragon (D:8)
  11 yaks
  3 neqoxecs
  A human (shapeshifter) (Abyss:4)
  7 vampire mosquitoes
  9 small abominations
  2 chaos spawn
  4 wargs (Orc:2)
  35 nagas
  Edmund (D:4)
  19 swamp worms
  32 water moccasins
  4 acid dragons
  Duvessa (D:4)
  An acid dragon (shapeshifter) (Vaults:5)
  40 orc warriors
  8 swamp drakes
  4 ice beasts
  2 sky beasts (D:6)
  3 black bears
  The ghost of Mickster the Covered, an amateur DgWn (D:3)
  35 centaurs
  30 wolves
  A boggart (D:13)
  18 ogres
  A phantom (D:4)
  7 kobold brigands
  10 bullfrogs
  A gnoll sergeant (D:11)
  A necrophage (D:5)
  An earth elemental (Abyss:3)
  8 scorpions
  9 wights (D:8)
  Dowan (D:4)
  8 killer bees
  3 electric eels
  6 howler monkeys
  2 centaur zombies (Ossuary)
  4 hounds
  A human zombie (Ossuary)
  A gnoll bouda (D:7)
  30 orc priests
  2 iron imps
  Terence (D:2)
  4 iguanas
  31 orc wizards
  6 hell rats (Lair:5)
  4 scorpion zombies (Ossuary)
  3 mummies (Ossuary)
  Robin (D:4)
  15 gnolls
  19 adders
  2 shadow imps
  8 white imps
  2 ufetubi
  A worm (D:4)
  5 dart slugs
  103 orcs
  10 ball pythons
  3 bats
  6 endoplasms
  6 giant cockroaches
  A gnoll zombie (Ossuary)
  14 goblins
  7 hobgoblins
  2 jackals (D:2)
  29 kobolds
  4 quokkas
  4 frilled lizards
  2 goblin zombies (Ossuary)
  3 hobgoblin zombies (Ossuary)
  4 orc zombies (Ossuary)
  8 rats (D:1)
  A lurking horror (Abyss:3)
  A starspawn tentacle (Abyss:2)
1681 creatures vanquished.

Vanquished Creatures (collateral kills)
  3 thrashing horrors (Abyss:4)
  A wretched star (Abyss:4)
  A hell knight (Abyss:4)
  A smoke demon (Abyss:4)
  An apocalypse crab (Abyss:4)
  A small abomination (Abyss:4)
8 creatures vanquished.

Vanquished Creatures (others)
  A boulder beetle (Vaults:1)
  A spriggan (Swamp:2)
  A deep troll (Vaults:5)
  A meliai (shapeshifter) (Vaults:5)
  2 bloated husks
  A hornet (Swamp:2)
  4 humans (D:13)
  A centaur (D:13)
  A gnoll (D:11)
  20 foxfires
  38 fungi
  A lurking horror (Abyss:2)
  36 plants
  A starspawn tentacle (Abyss:2)
109 creatures vanquished.

Grand Total: 1798 creatures vanquished

Notes
Turn   | Place    | Note
-------+----------+-------------------------------------------
     0 | D:1      | Jase the Formicid Fighter began the quest for the Orb.
     0 | D:1      | Reached XP level 1. HP: 18/18 MP: 1/1
   124 | D:1      | Reached XP level 2. HP: 15/24 MP: 2/2
   306 | D:1      | Found a faded altar of an unknown god.
   775 | D:1      | Reached XP level 3. HP: 29/29 MP: 3/3
  1276 | D:2      | Noticed Terence
  1336 | D:2      | Identified the +1 whip "Xuasial" {flame, rElec rC+ Dex+8}
  1601 | D:2      | Killed Terence
  1602 | D:2      | Reached XP level 4. HP: 25/35 MP: 4/4
  1682 | D:2      | Reached skill level 5 in Shields
  1711 | D:2      | Identified the ring of Rakoj {rElec rC+ rCorr EV+4}
  2013 | D:2      | Reached XP level 5. HP: 41/41 MP: 5/5
  2713 | D:3      | Found a runed translucent door.
  2715 | D:3      | Noticed Mickster's ghost (amateur DgWn)
  2744 | D:3      | Reached XP level 6. HP: 47/47 MP: 6/6
  2830 | D:3      | Reached skill level 5 in Maces & Flails
  3204 | D:3      | You fall into a shaft and drop 2 floors!
  3204 | D:5      | Entered Level 5 of the Dungeon
  3246 | D:4      | Noticed Edmund
  3267 | D:4      | Killed Edmund
  3268 | D:4      | Reached XP level 7. HP: 21/52 MP: 7/7
  3675 | D:4      | Noticed Dowan
  3676 | D:4      | Noticed Duvessa
  4583 | D:4      | Noticed Robin
  4594 | D:4      | Killed Robin
  4722 | D:4      | Found an ancient bone altar of Kikubaaqudgha.
  4722 | D:4      | Found a broken altar of Ashenzari.
  4722 | D:4      | Found an iron altar of Okawaru.
  5167 | D:5      | Noticed Sigmund
  5200 | D:5      | Killed Sigmund
  5201 | D:5      | Reached XP level 8. HP: 30/60 MP: 8/8
  5217 | D:5      | Identified a scroll of acquirement
  5217 | D:5      | Acquired an amulet of reflection
  5531 | D:5      | Found a sparkling altar of Nemelex Xobeh.
  5677 | D:5      | Found Soirunoz's Distillery.
  5685 | D:5      | Bought a potion of berserk rage for 50 gold pieces
  5685 | D:5      | Bought a potion of magic for 80 gold pieces
  5685 | D:5      | Bought a potion of lignification for 30 gold pieces
  5685 | D:5      | Bought a potion of degeneration for 10 gold pieces
  5685 | D:5      | Bought a potion of mutation for 80 gold pieces
  6342 | D:6      | Reached skill level 5 in Fighting
  6342 | D:6      | Reached skill level 5 in Armour
  6342 | D:6      | Reached XP level 9. HP: 61/68 MP: 9/9
  6642 | D:6      | Identified the +1 leather armour of Hairiness {rElec rPois}
  6737 | D:6      | Found an ornate altar of the Wu Jian Council.
  6938 | D:6      | Became a worshipper of the Wu Jian Council
  7181 | D:7      | Found a staircase to the Ecumenical Temple.
  7927 | D:8      | Noticed a white ugly thing
  7959 | D:8      | Killed a white ugly thing
  7959 | D:8      | Reached * piety under Wu Jian
  7960 | D:8      | Reached skill level 10 in Maces & Flails
  8017 | D:8      | Noticed a two-headed ogre
  8037 | D:8      | HP: 1/68 [two-headed ogre/+0 giant spiked club (25)]
  8044 | D:8      | Killed a two-headed ogre
  8045 | D:8      | Reached XP level 10. HP: 27/74 MP: 10/10
  8059 | D:8      | Found a staircase to the Lair.
  8161 | D:8      | Found a sand-covered staircase.
  8178 | Ossuary  | Entered an ossuary
  8620 | D:8      | Reached ** piety under Wu Jian
  9142 | D:8      | Acquired the +1 pair of boots of the Zealous God {Will+}
  9604 | D:4      | Killed Dowan
  9613 | D:4      | Killed Duvessa
  9839 | D:3      | Identified the amulet "Jagiyny" {Harm rF++ Regen+ Dex+2}
  9841 | D:3      | Killed Mickster's ghost
 10250 | D:9      | Reached XP level 11. HP: 70/74 MP: 11/11
 10378 | D:9      | Reached *** piety under Wu Jian
 10696 | D:9      | Acquired 1017 gold pieces
 10923 | D:9      | Got the Essays on Calescent Dislocation
 11040 | D:10     | Entered Level 10 of the Dungeon
 11040 | D:10     | Noticed Lodul
 11073 | D:10     | Noticed Fannar
 11073 | D:10     | Noticed a two-headed ogre
 11234 | D:10     | Found a flagged portal.
 11243 | Bailey   | Entered a bailey
 12052 | Bailey   | Reached skill level 10 in Armour
 13226 | Bailey   | Reached **** piety under Wu Jian
 13384 | Bailey   | Reached skill level 15 in Maces & Flails
 13384 | Bailey   | Reached skill level 10 in Shields
 13384 | Bailey   | Reached XP level 12. HP: 86/86 MP: 12/12
 13657 | D:10     | Killed a two-headed ogre
 13740 | D:10     | Found a hide-covered altar of Uskayaw.
 13771 | D:10     | Killed Fannar
 13803 | D:10     | Found a sacrificial altar of Ru.
 13885 | Lair:1   | Entered Level 1 of the Lair of Beasts
 14688 | Lair:1   | Reached XP level 13. HP: 68/91 MP: 13/13
 15920 | Lair:2   | Found a staircase to the Snake Pit.
 16337 | Lair:2   | Noticed a six-headed hydra
 16348 | Lair:2   | Killed a six-headed hydra
 16368 | Lair:2   | Found a dark tunnel.
 16377 | Volcano  | Entered a volcano
 16519 | Volcano  | Noticed a red draconian
 16538 | Volcano  | Killed a red draconian
 16539 | Volcano  | Reached skill level 15 in Shields
 16839 | Volcano  | Noticed a centaur warrior
 16847 | Volcano  | Killed a centaur warrior
 17294 | Lair:2   | Noticed a four-headed hydra
 17301 | Lair:2   | Killed a four-headed hydra
 17744 | Lair:2   | Reached ***** piety under Wu Jian
 18322 | Lair:2   | Found a staircase to the Swamp.
 18338 | Lair:2   | Reached skill level 1 in Evocations
 18423 | Lair:2   | Noticed a six-headed hydra
 18429 | Lair:2   | Killed a six-headed hydra
 19342 | Lair:3   | Reached XP level 14. HP: 108/108 MP: 14/14
 20180 | Lair:4   | Found a staircase to the Slime Pits.
 20180 | Lair:4   | Found a viscous altar of Jiyva.
 20189 | Lair:4   | Identified the ring "Naxisch" {rN+ EV+4 Str+4}
 20873 | Lair:4   | Reached skill level 10 in Fighting
 21529 | D:10     | Reached skill level 5 in Evocations
 21697 | D:10     | Killed Lodul
 21888 | D:10     | Found a staircase to the Orcish Mines.
 22619 | D:11     | Found Gyryb's General Store.
 22622 | D:11     | Found Plog's Antique Weapon Shoppe.
 22646 | D:11     | Bought a potion of might for 52 gold pieces
 22646 | D:11     | Bought a tin of tremorstones (2/2) for 520 gold pieces
 23362 | D:12     | Noticed Erolcha
 23386 | D:12     | Killed Erolcha
 23667 | D:12     | Noticed Frances
 23921 | Snake:1  | Entered Level 1 of the Snake Pit
 24054 | Snake:1  | You fall into a shaft and drop 1 floor!
 25554 | Snake:1  | Reached XP level 15. HP: 94/118 MP: 15/15
 26239 | Snake:1  | Found a glowing golden altar of the Shining One.
 26729 | Snake:2  | Found Odocoeg's Weapon Shop.
 26732 | Snake:2  | Found Namoecw's Assorted Antiques.
 26732 | Snake:2  | Found Jythrerr's Book Shop.
 27080 | Snake:2  | Found Teafoocs's Jewellery Boutique.
 27083 | Snake:2  | Bought a potion of might for 156 gold pieces
 27742 | Snake:3  | Found a white marble altar of Elyvilon.
 28113 | Snake:3  | Noticed Aizul
 28117 | Snake:3  | Noticed a nagaraja
 28121 | Snake:3  | Noticed Louise
 28123 | Snake:3  | Reached skill level 10 in Evocations
 28124 | Snake:3  | Killed Aizul
 28127 | Snake:3  | Killed a nagaraja
 28136 | Snake:3  | Killed Louise
 28140 | Snake:3  | Noticed a nagaraja
 28150 | Snake:3  | Killed a nagaraja
 28369 | Snake:3  | Noticed a nagaraja
 28453 | Snake:3  | Killed a nagaraja
 28893 | Snake:3  | Reached XP level 16. HP: 129/130 MP: 16/16
 29522 | Swamp:1  | Entered Level 1 of the Swamp
 29798 | Swamp:1  | Identified the +0 ring mail of Hangman {rF+ Str+2}
 30841 | Swamp:2  | Identified the +8 sling "Boamiu" {vorpal, rF+ rCorr Str+3
                  | SInv}
 31516 | Swamp:2  | You fall into a shaft and drop 1 floor!
 32015 | Swamp:3  | Reached XP level 17. HP: 108/139 MP: 17/17
 32619 | Swamp:4  | Entered Level 4 of the Swamp
 33423 | D:12     | Killed Frances
 33484 | D:12     | Reached skill level 15 in Evocations
 33814 | D:13     | Noticed Jorgrun
 33826 | D:13     | Killed Jorgrun
 33933 | D:13     | Noticed Kirke
 33940 | D:13     | Killed Kirke
 34035 | D:13     | Reached skill level 15 in Fighting
 34137 | D:13     | Found a gate to the Vaults.
 34263 | D:13     | Found a transporter.
 34284 | D:13     | Found a transporter.
 34284 | D:13     | Found a one-way gate to the infinite horrors of the Abyss.
 34284 | D:13     | Noticed Seidenschwarz's ghost (journeyman MiFi)
 35064 | D:14     | Reached ****** piety under Wu Jian
 35571 | D:14     | Noticed Snorg
 35579 | D:14     | Killed Snorg
 35867 | D:14     | Found a runed translucent gate.
 35867 | D:14     | Found a runed translucent gate.
 35870 | D:14     | Found a runed translucent gate.
 35871 | D:14     | Noticed Deerom's ghost (journeyman DgHW)
 36211 | D:12     | Noticed Urug
 36221 | D:12     | Killed Urug
 36398 | Snake:4  | Entered Level 4 of the Snake Pit
 36685 | Snake:4  | Noticed Nikola
 36692 | Snake:4  | Killed Nikola
 36922 | Snake:4  | Reached XP level 18. HP: 118/149 MP: 18/18
 37505 | Snake:4  | Reached skill level 15 in Armour
 37868 | Snake:4  | Noticed Vashnia
 37880 | Snake:4  | Killed Vashnia
 38517 | Orc:1    | Entered Level 1 of the Orcish Mines
 38830 | Orc:2    | Entered Level 2 of the Orcish Mines
 38843 | Orc:2    | Found a staircase to the Elven Halls.
 38886 | Orc:2    | Noticed Saint Roka
 38902 | Orc:2    | Killed Saint Roka
 39700 | Orc:2    | Found Fauxo's Antique Armour Boutique.
 39701 | Orc:2    | Found Anoany's Antique Weapon Shop.
 39703 | Orc:2    | Found Toatakla's General Store.
 39703 | Orc:2    | Found Viudiech's Book Boutique.
 39719 | Orc:2    | Bought a scroll of silence for 133 gold pieces
 39867 | Orc:2    | Found Vuuggiro's Distillery.
 40941 | Snake:4  | Got a serpentine rune of Zot
 41351 | Swamp:4  | Reached XP level 19. HP: 88/155 MP: 19/19
 42592 | Swamp:4  | Noticed the 27-headed Lernaean hydra
 42597 | Swamp:4  | Killed the 27-headed Lernaean hydra
 42604 | Swamp:4  | Got a decaying rune of Zot
 42944 | Lair:5   | Entered Level 5 of the Lair of Beasts
 43871 | Lair:5   | Identified the amulet "Uschaxur" {Reflect rElec Str+4 Dex+4
                  | SH+5}
 44707 | D:14     | Killed Deerom's ghost
 44774 | D:15     | Entered Level 15 of the Dungeon
 45080 | D:15     | Found a shadowy altar of Dithmenos.
 45340 | D:15     | Found a staircase to the Depths.
 45641 | D:15     | Noticed Nessos
 45645 | D:15     | Killed Nessos
 45938 | Snake:2  | Bought glowing gold dragon scales for 3237 gold pieces
 46857 | Depths:1 | Entered Level 1 of the Depths
 46862 | Depths:1 | Reached XP level 20. HP: 162/162 MP: 20/20
 47001 | Depths:1 | Identified the +8 double sword "Vumefon" {flame, Int-5
                  | Dex+4}
 47483 | Depths:1 | Found a runed translucent door.
 47484 | Depths:1 | Noticed a juggernaut
 47484 | Depths:1 | Found a runed translucent door.
 47485 | Depths:1 | Found a runed translucent door.
 47847 | Depths:1 | Noticed a walking crystal tome
 47978 | Vaults:1 | Entered Level 1 of the Vaults
 48027 | Vaults:1 | Found Pestedal's Weapon Emporium.
 48514 | Vaults:1 | Noticed a Hell Sentinel
 50396 | Vaults:2 | Reached XP level 21. HP: 169/172 MP: 21/21
 50725 | Vaults:2 | Noticed Boris
 50731 | Vaults:2 | Killed Boris
 51330 | Vaults:2 | Found a staircase to the Crypt.
 52000 | Vaults:3 | Found a runed translucent door.
 52000 | Vaults:3 | Found a shimmering altar of Xom.
 52000 | Vaults:3 | Noticed theMacoje's ghost (adept OgEn)
 52101 | Vaults:3 | Found Quxueker's Assorted Antiques.
 52201 | Vaults:3 | Noticed Jory
 52213 | Vaults:3 | Killed Jory
 52912 | Vaults:3 | Found a huge runed gate.
 52914 | Vaults:3 | Found a huge runed gate.
 52916 | Vaults:3 | Found a huge runed gate.
 52917 | Vaults:3 | Found a huge runed gate.
 53002 | Vaults:3 | Reached XP level 22. HP: 181/181 MP: 22/22
 53401 | Vaults:3 | Found a huge runed gate.
 53401 | Vaults:3 | Found a huge runed gate.
 53401 | Vaults:3 | Found a huge runed gate.
 53401 | Vaults:3 | Found a huge runed gate.
 53402 | Vaults:3 | Found a huge runed gate.
 53402 | Vaults:3 | Found a huge runed gate.
 53402 | Vaults:3 | Found a huge runed gate.
 53402 | Vaults:3 | Found a huge runed gate.
 53402 | Vaults:3 | Found a huge runed gate.
 53422 | Vaults:3 | Found a huge runed gate.
 53423 | Vaults:3 | Found a huge runed gate.
 53431 | Vaults:3 | Found a huge runed gate.
 53431 | Vaults:3 | Found a huge runed gate.
 53431 | Vaults:3 | Found a huge runed gate.
 53431 | Vaults:3 | Found a huge runed gate.
 53431 | Vaults:3 | Found a huge runed gate.
 53431 | Vaults:3 | Found a huge runed gate.
 53432 | Vaults:3 | Found a huge runed gate.
 53433 | Vaults:3 | Found a huge runed gate.
 53434 | Vaults:3 | Found a huge runed gate.
 53443 | Vaults:3 | Found a huge runed gate.
 53443 | Vaults:3 | Found a huge runed gate.
 53443 | Vaults:3 | Found a huge runed gate.
 53443 | Vaults:3 | Found a huge runed gate.
 53443 | Vaults:3 | Found a huge runed gate.
 53443 | Vaults:3 | Found a huge runed gate.
 53443 | Vaults:3 | Found a huge runed gate.
 53444 | Vaults:3 | Found a huge runed gate.
 53445 | Vaults:3 | Found a huge runed gate.
 53453 | Vaults:3 | Found a huge runed gate.
 53453 | Vaults:3 | Found a huge runed gate.
 53453 | Vaults:3 | Found a huge runed gate.
 53553 | Vaults:3 | Killed theMacoje's ghost
 53557 | Vaults:3 | Got Zielol's Disquisition on Jinxing and Exhumation
 53699 | Vaults:4 | Found a portal to a secret trove of treasure.
 54374 | Vaults:4 | Identified the +4 lajatang "Qivi" {drain, Dex+5}
 54418 | Vaults:4 | Noticed Boris
 54433 | Vaults:4 | Killed Boris
 54703 | Vaults:4 | Noticed Donald
 54718 | Vaults:4 | Killed Donald
 54932 | Vaults:4 | Noticed a golden dragon
 54942 | Vaults:4 | Killed a golden dragon
 55352 | D:13     | Killed Seidenschwarz's ghost
 55530 | Depths:1 | Identified the +5 double sword of Rufiup {vorpal, rN+ Int+4
                  | SInv}
 56599 | Vaults:5 | Entered Level 5 of the Vaults
 56620 | Vaults:5 | Reached XP level 23. HP: 142/188 MP: 23/23
 56695 | Vaults:5 | Found Toigh's Distillery.
 56696 | Vaults:5 | Noticed a golden dragon
 56707 | Vaults:5 | Killed a golden dragon
 56845 | Vaults:5 | Noticed a golden dragon
 56848 | Vaults:5 | Killed a golden dragon
 57315 | Vaults:5 | Found Baiclobu's Distillery.
 57401 | Vaults:5 | Found Ijit's Book Shoppe.
 57922 | Vaults:5 | Reached XP level 24. HP: 68/201 MP: 23/23
 58279 | Vaults:5 | Identified the ring of Befyison {rPois rCorr Str+3 Stlth+}
 58379 | Vaults:5 | Got Ivollia's Anthology of Hoarfrost
 58448 | Vaults:5 | Got a silver rune of Zot
 58614 | Vaults:5 | Found Ynyvuump's Book Emporium.
 58619 | Vaults:5 | Identified the +2 scale mail of Complete Protection {Will+}
 58824 | Vaults:5 | Identified the +7 broad axe of Brawling {freeze, *Noise
                  | Str+9}
 59369 | Slime:1  | Entered Level 1 of the Pits of Slime
 59408 | Slime:1  | Gained mutation: You do not regenerate when monsters are
                  | visible. [a shining eye]
 59410 | Slime:1  | Gained mutation: You occasionally lose the ability to drink
                  | potions when taking damage. [a shining eye]
 59446 | Slime:1  | Gained mutation: You are frail. (-10% HP) [a shining eye]
 59448 | Slime:1  | Gained mutation: You sometimes lose the ability to drink
                  | potions when taking damage. [a shining eye]
 59449 | Slime:1  | Gained mutation: You occasionally lose the ability to read
                  | scrolls when taking damage. [a shining eye]
 59718 | Slime:4  | Noticed Dissolution
 60271 | D:13     | Lost mutation: You do not regenerate when monsters are
                  | visible. [potion of mutation]
 60271 | D:13     | Lost mutation: You are frail. (-10% HP) [potion of
                  | mutation]
 60271 | D:13     | Lost mutation: You occasionally lose the ability to read
                  | scrolls when taking damage. [potion of mutation]
 60271 | D:13     | Gained mutation: You are clumsy. (Dex -2) [potion of
                  | mutation]
 60271 | D:13     | Lost mutation: You are clumsy. (Dex -2) [potion of
                  | mutation]
 60271 | D:13     | Gained mutation: Your magical capacity is low. (-10% MP)
                  | [potion of mutation]
 60271 | D:13     | Gained mutation: Your flesh is heat resistant. (rF+)
                  | [potion of mutation]
 60321 | D:13     | Voluntarily entered the Abyss.
 60322 | Abyss:1  | Lost mutation: Your flesh is heat resistant. (rF+) [potion
                  | of mutation]
 60322 | Abyss:1  | Lost mutation: Your magical capacity is low. (-10% MP)
                  | [potion of mutation]
 60322 | Abyss:1  | Lost mutation: You sometimes lose the ability to drink
                  | potions when taking damage. [potion of mutation]
 60322 | Abyss:1  | Gained mutation: You do not regenerate when monsters are
                  | visible. [potion of mutation]
 60322 | Abyss:1  | Gained mutation: Your movements are slightly less
                  | encumbered by armour. (ER -2) [potion of mutation]
 60323 | Abyss:1  | Lost mutation: Your movements are slightly less encumbered
                  | by armour. (ER -2) [potion of mutation]
 60323 | Abyss:1  | Lost mutation: You occasionally lose the ability to drink
                  | potions when taking damage. [potion of mutation]
 60323 | Abyss:1  | Gained mutation: You have large cloven feet. [potion of
                  | mutation]
 60323 | Abyss:1  | Gained mutation: You are weak. (Str -2) [potion of
                  | mutation]
 60323 | Abyss:1  | Gained mutation: You expend magic power (3 MP) to
                  | strengthen your wands. [potion of mutation]
 60324 | Abyss:1  | Lost mutation: You have large cloven feet. [potion of
                  | mutation]
 60324 | Abyss:1  | Lost mutation: You do not regenerate when monsters are
                  | visible. [potion of mutation]
 60324 | Abyss:1  | Gained mutation: Your spells are a little harder to cast,
                  | but a little more powerful. [potion of mutation]
 60324 | Abyss:1  | Gained mutation: You have large cloven feet. [potion of
                  | mutation]
 61004 | Abyss:3  | Noticed an ancient lich
 61047 | Abyss:3  | Killed an ancient lich
 61050 | D:13     | Escaped the Abyss
 61283 | D:13     | Voluntarily entered the Abyss.
 61881 | Abyss:4  | HP: 7/204 [starcursed mass/accursed screaming (6)]
 61887 | Abyss:4  | HP: 4/204 [starcursed mass/accursed screaming (6)]
 61888 | Abyss:4  | Killed from afar by a starcursed mass

Illustrated notes

Levels and vault maps discovered:
D:1:      dpeg_arrival_castle, layout_basic,
          shapermc_ecumenical_altar_flowoftime, minivault_4,
          minmay_rat_gold_closets
D:2:      layout_loops_ring, minmay_fractal_squares_gapless_5, uniq_terence
D:3:      layout_basic, ebering_ghost_inner_flame
D:4:      layout_basic, gammafunk_temple_overflow_claw, grunt_tough_drop,
          uniq_duvessa, uniq_edmund, uniq_robin
D:5:      layout_rooms, nemelex_spade_bored_becter, serial_shops, shop,
          chequers_serial_rivers_micro_d, uniq_sigmund
D:6:      layout_cave_pools, nzn_wu_jian_contemplation, st_stairs_14,
          nicolae_eternal_life
D:7:      layout_basic, minmay_temple_entry_steel_oval
D:8:      minmay_chambers_of_fours, layout_loops_cross, lair_entry_dummy,
          nicolae_ossuary_entry_ruins
D:9:      layout_loops_ring, skrybe_limestone_x
D:10:     layout_rooms, lemuel_coloured_pillars_altar,
          nicolae_ru_great_annihilating_truth, orc_0_dummy, enter_bailey_2,
          uniq_fannar, uniq_lodul
D:11:     layout_long_grid, grunt_ministairs_9, nicolae_wooded_promenade
D:12:     layout_loops_ring, uniq_erolcha, uniq_frances, uniq_urug
D:13:     layout_roguey, hangedman_vaults_entry_quadrant_bands,
          gammafunk_ghost_abyssal_escape, serial_ice, serial_ice_d,
          serial_ice_h, serial_ice_b, serial_ice_c, serial_ice_o, serial_ice_l,
          serial_ice_n, serial_ice_g, uniq_kirke, uniq_jorgrun
D:14:     layout_irregular_city, serial_glass, glass_columns_c, glass_columns_b,
          glass_columns_b, glass_columns_c, gammafunk_ghost_hydra_chop,
          uniq_snorg
D:15:     gammafunk_enter_depths_forms, layout_layer_cave, minmay_crystal_water,
          nicolae_dithmenos_through_a_glass_darkly, uniq_nessos
Lair:1:   layout_regular_city, chequers_serial_rivers_room_a, grunt_megastairs_2
Lair:2:   lemuel_reptile_caves, layout_layer_cave,
          nicolae_swamp_entry_splash_gauntlet, guppyfry_snake_entry_island,
          enter_volcano_1, serial_bayou_shore_a, lemuel_fruit_tree
Lair:3:   layout_roguey, serial_bayou_shore_b
Lair:4:   layout_loops_ring, slime_entry_1
Lair:5:   grunt_lair_end_beastmaster, layout_regular_city, st_stairs_6,
          serial_bayou_crossing, serial_bayou_shore_b, grunt_megastairs_4
Swamp:1:  layout_basic_swamp, nicolae_swamp_tree_isthmus
Swamp:2:  layout_falls_marsh, evilmike_swamp_ruin_house_5,
          nicolae_swamp_tree_designs
Swamp:3:  nicolae_swamp_standing_stones, layout_falls_marsh,
          evilmike_swamp_ruin_house_6
Swamp:4:  grunt_swamp_rune_castle, layout_basic_swamp,
          nicolae_swamp_orc_logging_accident
Snake:1:  layout_chambers, basic_altar
Snake:2:  layout_onion_interference, minmay_shoptagon
Snake:3:  layout_misc_corridors, basic_altar, uniq_louise, uniq_aizul
Snake:4:  grunt_snake_rune_serpentine_throne, layout_basic, serial_corexii_hall,
          corexii_hall_statues_deadend, corexii_hall_statues_s,
          corexii_hall_statues_i, chequers_hall_statues_corner_a, uniq_nikola
Slime:1:  layout_caves
Slime:2:  layout_caves
Slime:3:  layout_caves, basic_altar
Slime:4:  layout_caves, uniq_dissolution
Orc:1:    layout_caves, basic_altar
Orc:2:    st_orc_congregation, layout_caves, serial_shops,
          nicolae_lakefront_shop, uniq_saint_roka
Vaults:1: nicolae_vaults_disjoint_gnomons, ontoclasm_vaults_shuriken, v_misc_27,
          nicolae_vaults_puzzle_piece, ontoclasm_vaults_pinch,
          ontoclasm_vaults_hangar, st_smaller_cells, nicolae_vaults_alarming,
          v_misc_29, layout_vaults_omnigrid, serial_shops, shop
Vaults:2: vaults_room_door_hall, nicolae_vaults_little_squares_6,
          v_alt_pattern_4, hangedman_vaults_snaps,
          minmay_crypt_entry_simple_round, vaults_room_fours,
          vaults_room_door_hall, nicolae_vaults_theta,
          layout_vaults_chaotic_city, uniq_boris
Vaults:3: ebering_ghost_xom, v_pattern_4, vaults_room_corners, v_rooms_6,
          v_misc_12, hangedman_vaults_cutoff, vaults_mumra_minichess,
          nicolae_vaults_rhombus_5, v_alt_pattern_1, not_door_vault_due,
          grunt_vaults_hallway_short, ontoclasm_vaults_ligature,
          nicolae_vaults_ring_of_whatevers, layout_vaults_ring, serial_shops,
          nicolae_shop_stone, uniq_jory
Vaults:4: serial_ice_h, dpeg_vaults_waves, nicolae_vaults_twisting_passages,
          v_misc_11, v_rooms_4, nicolae_vaults_circle_grid_b, v_misc_11,
          nicolae_vaults_little_squares_2, nicolae_vaults_circle_grid_a,
          hangedman_vaults_stitches, v_misc_16, nicolae_vaults_bisected_slash,
          ontoclasm_vaults_spin, layout_vaults_maze, enter_trove_3, uniq_donald
Vaults:5
Depths:1: minmay_the_grid_triangle_9x9_recursive_3
          [minmay_the_grid_triangle_9x9_wacky_v,
          minmay_the_grid_triangle_9x9_corrupted_corridor,
          minmay_the_grid_triangle_9x9_longest,
          minmay_the_grid_triangle_9x9_prize_center,
          minmay_the_grid_triangle_9x9_fully_insulated_deathbox,
          minmay_the_grid_triangle_9x9_empty,
          minmay_the_grid_triangle_9x9_zippers_horizontal,
          minmay_the_grid_triangle_9x9_limited_checkers,
          minmay_the_grid_triangle_9x9_pentomino_pain], layout_cave_pools,
          hellmouth_1, nicolae_rock_paper_scissors, serial_bayou_shore_b
Abyss:4:  base: D:5, bh_abyss_exit_spiral, lemuel_flamethrower_3,
          nicolae_abyss_rune_left_handed, hangedman_abyss_batty_box,
          nicolae_abyss_rune_left_handed

Skill      XL: |  1  2  3  4  5  6  7  8  9 10 11 12 13 14 15 16 17 18 19 20 21 22 23 24 |
---------------+-------------------------------------------------------------------------+-----
Maces & Flails | 3 4 5 7 8 11 12 15 16 17 19 20 | 20.0
Shields        | 5 6 7 10 12 17 19 20 22 23 24 | 24.0
Fighting       | 4 5 9 11 13 14 15 16 17 19 20 | 20.2
Armour         | 4 5 7 9 11 12 14 16 18 | 18.0
Evocations     | 2 7 11 14 16 17 18 20 21 22 23 24 | 24.6

Action                   |  1- 3 |  4- 6 |  7- 9 | 10-12 | 13-15 | 16-18 | 19-21 | 22-24 || total
-------------------------+-------+-------+-------+-------+-------+-------+-------+-------++-------
Melee: Flail             |    80 |       |       |       |       |       |       |       ||    80
       Whip              |    14 |   127 |   475 |   981 |   224 |       |       |       ||  1821
       Morningstar       |       |       |       |       |   513 |       |       |       ||   513
       Dire flail        |       |       |       |       |   568 |       |       |       ||   568
       Eveningstar       |       |       |       |       |    80 |  1296 |   722 |       ||  2098
       Great mace        |       |       |       |       |       |       |   755 |  1295 ||  2050
Throw: Dart              |     1 |       |       |    21 |       |       |       |       ||    22
       Stone             |       |       |       |     1 |       |       |       |       ||     1
Invok: Lunge             |       |       |    21 |    77 |   135 |   153 |   145 |   130 ||   661
       Whirlwind         |       |       |     1 |    59 |   114 |   406 |   413 |   393 ||  1386
       Serpent's Lash    |       |       |       |     2 |     3 |     5 |    10 |    14 ||    34
       Heavenly Storm    |       |       |       |       |     1 |     3 |     1 |     2 ||     7
 Abil: Wall Jump         |       |       |       |    24 |    21 |    16 |    28 |    24 ||   113
       Dig               |       |       |       |       |       |     1 |       |       ||     1
Evoke: Wand              |       |       |       |       |       |     1 |       |     2 ||     3
       Lightning rod     |       |       |       |       |       |     3 |       |       ||     3
       Box of beasts     |       |       |       |       |       |       |       |     1 ||     1
  Use: Scroll            |       |     6 |    10 |     7 |     5 |     6 |     9 |     2 ||    45
       Potion            |       |     3 |     1 |     1 |     1 |     4 |       |     5 ||    15
 Stab: Fleeing           |       |       |     1 |       |       |       |       |       ||     1
       Invisible         |       |       |       |     1 |       |       |       |       ||     1
       Paralysed         |       |       |       |     1 |       |       |       |       ||     1
       Distracted        |       |       |       |       |       |       |     2 |     1 ||     3
       Petrified         |       |       |       |       |       |       |     2 |       ||     2
Armor: Scale mail        |    24 |    31 |    67 |       |       |       |       |       ||   122
       Plate armour      |       |       |    15 |   222 |   273 |   204 |   119 |       ||   833
       Chain mail        |       |       |       |       |     8 |       |       |       ||     8
       Gold dragon scale |       |       |       |       |       |       |   112 |   179 ||   291
Dodge: Dodged            |    33 |    66 |   189 |   252 |   288 |   196 |   159 |   156 ||  1339
Block: Buckler           |    17 |    34 |   113 |   230 |   445 |       |       |       ||   839
       Reflection        |       |       |       |       |    24 |   112 |   111 |    36 ||   283
       Tower shield      |       |       |       |       |    64 |   930 |   985 |   827 ||  2806
